 Dungeon Crawl Stone Soup version 0.29-a0-284-gf9362112df (webtiles) character file.

Game seed: 3268421640458792338

21179 mistaj the Basher (level 12, -1/116 HPs)
             Began as a Deep Dwarf Fighter on Mar 22, 2022.
             Was a Believer of Makhleb.
             Slain by a catoblepas (5 damage)
             ... while petrified by a catoblepas
             ... on level 2 of the Lair of Beasts.
             The game lasted 00:41:14 (14755 turns).

mistaj the Basher (Deep Dwarf Fighter)             Turns: 14755, Time: 00:41:15

Health: -1/116     AC: 14    Str: 26    XL:     12   Next: 51%
Magic:  0/0        EV:  2    Int: 14    God:    Makhleb [**....]
Gold:   701        SH:  0    Dex: 12    Spells: 11/11 levels left

rFire   + . .      SeeInvis .   E - +9 whip of Fuohom {freeze, Drain rF+ Str+2 Int+4}
rCold   . . .      Faith    .   q - +0 tower shield
rNeg    + + +      Spirit   .   v - +0 plate armour
rPois   ∞          Reflect  +   (no helmet)
rElec   .          Harm     .   y - scarf {repulsion}
rCorr   .          Rampage  .   B - +0 pair of gloves
Will    ++...                   a - +1 pair of boots {Fly}
Stlth   ..........              x - amulet of reflection
HPRegen 0.00/turn               g - +4 ring of evasion
MPRegen 0.07/turn               n - ring of willpower

@: petrified, flying, repel missiles
A: damage resistance, heal wounds, sense surroundings 2, no regeneration
a: Heal Wounds, Renounce Religion, Minor Destruction


You were on level 2 of the Lair of Beasts.
You worshipped Makhleb.
Makhleb was pleased with you.
You visited 3 branches of the dungeon, and saw 15 of its levels.
You also visited: Bailey.

You collected 995 gold pieces.
You spent 294 gold pieces at shops.

Inventory:

Hand Weapons
 b - a +0 broad axe
 A - the +0 whip of Gloom {elec, rC+ rN+ rCorr SInv}
   (You bought it in a shop on level 4 of the Dungeon)

   It occasionally discharges a powerful burst of electricity upon striking a
   foe.
   rC:        It protects you from cold.
   rN:        It protects you from negative energy.
   SInv:      It lets you see invisible.
   rCorr:     It protects you from acid and corrosion.
 E - the +9 whip of Fuohom (weapon) {freeze, Drain rF+ Str+2 Int+4}
   (You found it on level 7 of the Dungeon)

   It freezes those it strikes, dealing additional cold damage.
   It can also slow down cold-blooded creatures.
   Str:       It affects your strength (+2).
   Int:       It affects your intelligence (+4).
   rF:        It protects you from fire.
   Drain:     It drains your maximum health when unequipped.
Missiles
 p - 46 poisoned darts
Armour
 a - a +1 pair of boots of flying (worn)
 q - a +0 tower shield (worn)
 v - a +0 plate armour (worn)
 y - a scarf of repulsion (worn)
 B - a +0 pair of gloves (worn)
Jewellery
 g - a +4 ring of evasion (left hand)
 n - a ring of willpower (right hand)
 x - an amulet of reflection (around neck)
 H - a ring of flight
Wands
 l - a wand of mindburst (15)
 r - a wand of digging (6)
 w - a wand of acid (3)
 D - a wand of iceblast (22)
 F - a wand of paralysis (12)
 I - a wand of flame (16)
Scrolls
 c - a scroll of summoning {unknown}
 f - 2 scrolls of enchant armour {unknown}
 j - a scroll of enchant weapon
 m - 3 scrolls of blinking
 o - 2 scrolls of fog
 s - a scroll of magic mapping
 u - a scroll of teleportation
 C - 3 scrolls of identify
Potions
 d - a potion of might
 e - 2 potions of haste
 h - 9 potions of curing
 i - a potion of lignification
 k - 2 potions of berserk rage
 t - 3 potions of brilliance
 z - a potion of mutation {unknown}
 G - a potion of magic
 J - a potion of cancellation


   Skills:
 + Level 10.2 Fighting
 - Level 6.6(11.7) Axes
 - Level 13.7(14.2) Maces & Flails
 + Level 3.4 Armour
 + Level 12.0 Shields
 + Level 0.7 Invocations


You had 11 spell levels left.
You didn't know any spells.
Your spell library contained the following spells:

 Spells                   Type           Power      Damage    Failure   Level
 Magic Dart               Conj           0%         1d3       100%        1
 Pain                     Necr           0%         1d4       100%        1
 Shock                    Conj/Air       0%         1d3       100%        1
 Blink                    Tloc           0%         N/A       100%        2
 Call Imp                 Summ           0%         N/A       100%        2
 Ensorcelled Hibernation  Hex/Ice        0%         N/A       100%        2
 Gell's Gravitas          Tloc           0%         N/A       100%        3
 Lesser Beckoning         Tloc           0%         N/A       100%        3
 Mephitic Cloud           Conj/Pois/Air  0%         N/A       100%        3
 Spider Form              Tmut/Pois      0%         N/A       100%        3
 Swiftness                Air            0%         N/A       100%        3
 Teleport Other           Tloc           0%         N/A       100%        3
 Airstrike                Air            0%         N/A       100%        4
 Anguish                  Hex/Necr       0%         N/A       100%        4
 Agony                    Necr           0%         N/A       100%        5
 Excruciating Wounds      Necr           0%         N/A       100%        5
 Manifold Assault         Tloc           0%         N/A       100%        5
 Dispersal                Tloc           0%         N/A       100%        6


Dungeon Overview and Level Annotations

Branches:
Dungeon (11/15)            Temple (1/1) D:7            Lair (3/6) D:8
  Snake (0/4) Lair:3          Orc (0/2) D:10         Bailey (visited)
  Swamp: Lair:2-4    Shoals: Lair:2-4

Altars:
Ashenzari
Cheibriados
Dithmenos
Elyvilon
Fedhas
Gozag
Hepliaklqana
Kikubaaqudgha
Makhleb
Nemelex Xobeh
Okawaru
Qazlal
Ru
Sif Muna
Trog
Uskayaw
Vehumet
Wu Jian
Xom
Yredelemnul
Zin
The Shining One

Shops:
D:4 (*?[[   D:7 **   D:10 [

Annotations:
D:9 exclusion: ice statue
D:11 Gastronok


Innate Abilities, Weirdness & Mutations

You are resistant to damage.
You can heal yourself by infusing magical energy.
You passively map the area around you.
You do not regenerate.


Message History

You hit the catoblepas. You freeze the catoblepas.
The catoblepas is heavily wounded.
You are engulfed in calcifying dust.
Your limbs have turned to stone.
The catoblepas gores you!!
You have turned to stone.
You are engulfed in calcifying dust.
The catoblepas gores you.
You are engulfed in calcifying dust.
The catoblepas gores you! The catoblepas gores you!
The catoblepas gores you but does no damage.
The catoblepas gores you.
* * * LOW HITPOINT WARNING * * *
The catoblepas gores you.
The catoblepas breathes a plume of calcifying dust at you.
The blast of calcifying dust hits you but does no damage.
You are engulfed in calcifying dust.
The catoblepas gores you!
* * * LOW HITPOINT WARNING * * *
You turn to flesh and can move again.
You are engulfed in calcifying dust.
You are slowing down.
There is a stone staircase leading up here.
You are engulfed in calcifying dust.
You block the catoblepas's attack.
The catoblepas gores you but does no damage.
Your limbs are stiffening.
You fly upwards.
You have turned to stone.
The catoblepas gores you!
* * * LOW HITPOINT WARNING * * *
The catoblepas gores you!!
* * * LOW HITPOINT WARNING * * *
The catoblepas breathes a plume of calcifying dust at you.
The blast of calcifying dust hits you but does no damage.
You are engulfed in calcifying dust.
The catoblepas gores you!!
* * * LOW HITPOINT WARNING * * *
You are engulfed in calcifying dust.
The catoblepas breathes a plume of calcifying dust at you.
The blast of calcifying dust hits you.
* * * LOW HITPOINT WARNING * * *
You are engulfed in calcifying dust.
The catoblepas gores you but does no damage.
You are engulfed in calcifying dust.
The catoblepas gores you.
You are engulfed in calcifying dust.
The catoblepas gores you!
You die...

###....#######.<..#...#
#.#...P##.##.......#..#
##.....##......⌠....###
##.....P##...#####...##
##..P...##...## ##...##
#..#....#....########...# ###
..###..##....#§...#.....###.#
#.# #.+†.......§............#
.## #..⌠.....⌠..@..⌠.....⌠#.#
..###............Y..........###
...##.#.#...#.#...##....###...#
...#####....####.####...##.#..#
....##
###....#####....####...###
.....# #....###.#...## ###....
#....# ###....⌠.....# ##...#
###### ##........## #P....
#...>..### ####..


You could see a catoblepas.

Vanquished Creatures
  A hydra (Lair:3)
  A two-headed ogre (D:9)
  Nergalle (Lair:1)
  6 elephants (Lair:3)
  5 komodo dragons
  5 cane toads
  An unseen horror (D:10)
  2 trolls
  2 hornets
  A shadow (D:10)
  A wraith (D:8)
  24 yaks
  3 wyverns
  2 basilisks
  4 steam dragons
  4 nagas (Lair:3)
  7 water moccasins
  4 black bears
  2 ice beasts
  8 orc warriors
  26 wolves
  A phantom (D:6)
  A centaur (D:9)
  4 kobold brigands
  14 bullfrogs
  3 necrophages
  23 wights
  2 scorpions
  13 killer bees
  7 howler monkeys
  A vampire bat (D:5)
  An electric eel (D:9)
  2 hounds
  2 jellies (D:7)
  2 orc priests
  2 iguanas
  5 orc wizards
  Natasha (twice) (D:3)
  A gnoll (Bailey)
  8 adders
  2 shadow imps
  4 white imps
  2 worms (D:3)
  A dart slug (D:3)
  3 fire bats (D:5)
  27 orcs
  2 spectral bats (D:5)
  11 bats
  3 bat skeletons (D:5)
  A bat zombie (D:5)
  7 endoplasms
  3 giant cockroaches
  15 goblins
  12 hobgoblins
  10 jackals
  2 quokkas
  6 ball pythons
  A bat simulacrum (D:5)
  5 frilled lizards
  49 kobolds
  7 rats
  A spectral hobgoblin (D:2)
378 creatures vanquished.

Vanquished Creatures (others)
  A kobold (D:8)
  29 fungi
  70 plants
100 creatures vanquished.

Grand Total: 478 creatures vanquished

Notes
Turn   | Place    | Note
-------+----------+-------------------------------------------
     0 | D:1      | mistaj the Deep Dwarf Fighter began the quest for the Orb.
     0 | D:1      | Reached XP level 1. HP: 20/20 MP: 1/1
   184 | D:1      | Reached XP level 2. HP: 18/27 MP: 2/2
   669 | D:1      | Reached XP level 3. HP: 23/34 MP: 3/3
   716 | D:2      | Found a faded altar of an unknown god.
   786 | D:2      | Found an ornate altar of the Wu Jian Council.
  1815 | D:3      | Noticed Natasha
  1827 | D:3      | Reached XP level 4. HP: 12/42 MP: 4/4
  1828 | D:3      | Killed Natasha
  1988 | D:3      | Reached XP level 5. HP: 35/49 MP: 5/5
  2549 | D:3      | Noticed Natasha
  2565 | D:3      | Killed Natasha
  2615 | D:4      | Found Huvvycom's Armour Shop.
  2624 | D:4      | Noticed a black bear
  2642 | D:4      | Killed a black bear
  2643 | D:4      | Reached skill level 5 in Axes
  2643 | D:4      | Reached XP level 6. HP: 23/57 MP: 5/5
  2665 | D:4      | Bought a scarf of repulsion for 144 gold pieces
  2750 | D:4      | Found Kerome's Magic Scroll Emporium.
  2844 | D:4      | Found a sacrificial altar of Ru.
  2878 | D:4      | Found Jirac's Antique Armour Shop.
  2946 | D:4      | Found Nokaevee's Assorted Antiques.
  3039 | D:4      | Found Geuja's Antique Weapon Shoppe.
  3122 | D:5      | Entered Level 5 of the Dungeon
  3138 | D:5      | Reached skill level 5 in Shields
  3311 | D:5      | Reached XP level 7. HP: 55/64 MP: 6/6
  3792 | D:4      | Bought a bloodstained whip for 150 gold pieces
  3792 | D:4      | Identified the +0 whip of Gloom {elec, rC+ rN+ rCorr SInv}
                  | (You bought it in a shop on level 4 of the Dungeon)
  3974 | D:5      | Noticed a troll
  4234 | D:5      | Reached skill level 1 in Maces & Flails
  4309 | D:6      | Found an opulent altar of Gozag.
  4512 | D:6      | Reached skill level 2 in Maces & Flails
  4532 | D:6      | Reached skill level 5 in Fighting
  4532 | D:6      | Reached XP level 8. HP: 42/74 MP: 7/7
  4557 | D:6      | Reached skill level 3 in Maces & Flails
  5082 | D:6      | Reached skill level 4 in Maces & Flails
  5335 | D:5      | Killed a troll
  5336 | D:5      | Reached skill level 5 in Maces & Flails
  5700 | D:7      | Found a snail-covered altar of Cheibriados.
  5763 | D:7      | Gained mutation: You passively map the area around you.
                  | [Deep Dwarf growth]
  5763 | D:7      | Reached XP level 9. HP: 35/82 MP: 7/7
  5773 | D:7      | Reached skill level 6 in Maces & Flails
  5985 | D:7      | Found a white marble altar of Elyvilon.
  5988 | D:7      | Identified the +9 whip of Fuohom {freeze, Drain rF+ Str+2
                  | Int+4}
  6205 | D:7      | Reached skill level 7 in Maces & Flails
  6576 | D:7      | Found a staircase to the Ecumenical Temple.
  6585 | Temple   | Entered the Ecumenical Temple
  6752 | D:7      | Found Uqeata's Specific Store.
  6757 | D:7      | Found Quxiod's General Store.
  7265 | D:8      | Paralysed by a hornet for 3 turns
  7298 | D:8      | Found a flagged portal.
  7318 | Bailey   | Entered a bailey
  7370 | Bailey   | Reached skill level 8 in Maces & Flails
  7551 | Bailey   | Noticed an orc knight
  7697 | D:8      | Reached XP level 10. HP: 68/94 MP: 6/6
  7944 | D:8      | Found a staircase to the Lair.
  8151 | D:9      | Noticed an ice statue
  8334 | D:9      | Reached skill level 9 in Maces & Flails
  8478 | D:9      | Reached skill level 10 in Maces & Flails
  9103 | D:9      | Reached XP level 11. HP: 73/103 MP: 7/7
  9110 | D:9      | Reached skill level 10 in Shields
  9184 | D:9      | Found an iron altar of Okawaru.
  9185 | D:9      | Found a glowing golden altar of the Shining One.
  9185 | D:9      | Found a sparkling altar of Nemelex Xobeh.
  9186 | D:9      | Found a basalt altar of Yredelemnul.
  9186 | D:9      | Found a shimmering blue altar of Sif Muna.
  9186 | D:9      | Found a shimmering altar of Xom.
  9188 | D:9      | Found a hazy altar of Hepliaklqana.
  9188 | D:9      | Found an ancient bone altar of Kikubaaqudgha.
  9188 | D:9      | Found a hide-covered altar of Uskayaw.
  9421 | D:9      | Noticed a two-headed ogre
  9495 | D:9      | Killed a two-headed ogre
  9496 | D:9      | Reached skill level 11 in Maces & Flails
  9819 | D:10     | Entered Level 10 of the Dungeon
  9901 | D:10     | Found Urohastre's Armour Emporium.
  9904 | D:10     | Found a staircase to the Orcish Mines.
 10267 | D:10     | Found a burning altar of Makhleb.
 10272 | D:10     | Became a worshipper of Makhleb the Destroyer
 10912 | D:11     | Noticed Gastronok
 11004 | Lair:1   | Entered Level 1 of the Lair of Beasts
 11086 | Lair:1   | Noticed Nergalle
 11124 | Lair:1   | Killed Nergalle
 11437 | Lair:1   | Reached skill level 12 in Maces & Flails
 11468 | Lair:1   | You are sucked into a shaft and drop 1 floor!
 11904 | Lair:2   | Reached * piety under Makhleb
 12435 | Lair:3   | Reached XP level 12. HP: 71/115 MP: 4/4
 13094 | Lair:3   | Found a staircase to the Snake Pit.
 13353 | Lair:3   | Noticed a catoblepas
 13611 | Lair:3   | Noticed a six-headed hydra
 13620 | Lair:3   | Reached skill level 13 in Maces & Flails
 13623 | Lair:3   | Killed a six-headed hydra
 13667 | Lair:3   | Reached skill level 10 in Fighting
 14097 | Lair:3   | Reached ** piety under Makhleb
 14751 | Lair:2   | HP: 5/116 [catoblepas (11)]
 14755 | Lair:2   | Slain by a catoblepas

Illustrated notes

Levels and vault maps discovered:
D:1:      amcnicky_arrival_flooded_fountain, layout_loops_cross,
          chequers_mini_garden, minmay_misc_feat_pillars
D:2:      layout_basic, basic_altar, dreamdust_ecumenical_altar_drowned_temple
D:3:      layout_basic, uniq_natasha
D:4:      layout_gridville, nicolae_ru_path_of_blood, serial_shops, shop,
          nicolae_shop_trees, shop_fountains, nicolae_shop_advertising_works
          [nicolae_subvault_shop_adworks], shop
D:5:      layout_rooms, eino_tiny_chamber, goddamned_bats
D:6:      lemuel_ice_spiral_2, layout_basic, grunt_gozag_statues
D:7:      layout_gridville, mainiacjoe_overflow_brackets,
          minmay_temple_entry_statues_pillars, minmay_misc_feat_chi,
          nicolae_specific_store, minmay_ruined_shrine
D:8:      layout_cave_pools, grunt_lair_entry_orc_guard_hut, enter_bailey_5,
          nicolae_elevator_lobby_plus
D:9:      kennysheep_kobold_camp, layout_loops_corners,
          nicolae_overflows_in_rows, nicolae_water_bricks, minivault_16,
          serial_bayou_lagoon_a, st_stairs_6, hangedman_decor_clover_reticule
D:10:     layout_loops_ring, kennysheep_little_box, orc_david_3,
          minmay_rotating_lava
D:11:     layout_loops_corners, gauntlet_entry_generic, serial_bayou_pond_e,
          dancing_weapons_uskayaw, uniq_gastronok
Temple:   nicolae_temple_figure_zero
Lair:1:   layout_gridlike, infiniplex_staircase_pool_2, lemuel_fruit_fields,
          uniq_nergalle
Lair:2:   layout_cave_pods, grunt_megastairs_5, infiniplex_staircase_pool,
          serial_bayou_shore_b, lemuel_fruit_tree, lemuel_fruit_fields
Lair:3:   layout_cave_pods, minmay_snake_entry_guardpost_small,
          grunt_megastairs_4

Skill      XL: |  1  2  3  4  5  6  7  8  9 10 11 12 |
---------------+-------------------------------------+-----
Axes           | 3 4 5 6 |  6.6
Fighting       | 3 4 5 6 7 8 9 10 | 10.2
Shields        | 4 5 6 7 8 9 11 12 | 12.0
Maces & Flails | 2 5 8 10 12 13 | 13.7
Armour         | |  3.4
Invocations    | |  0.7

Action                   |  1- 3 |  4- 6 |  7- 9 | 10-12 || total
-------------------------+-------+-------+-------+-------++-------
Melee: War axe           |   115 |   167 |    66 |       ||   348
       Whip              |       |       |   426 |   776 ||  1202
 Abil: Heal Wounds       |       |     6 |    13 |    29 ||    48
  Use: Scroll            |       |       |    15 |     5 ||    20
       Potion            |       |       |       |     1 ||     1
Armor: Scale mail        |     4 |       |       |       ||     4
       Chain mail        |    42 |   114 |   124 |     4 ||   284
       Plate armour      |       |       |       |   185 ||   185
Dodge: Dodged            |    34 |    61 |    98 |   115 ||   308
Block: Buckler           |    17 |       |       |       ||    17
       Tower shield      |    26 |   221 |   499 |   715 ||  1461
       Reflection        |       |     5 |    20 |    19 ||    44

Table legend: (Time is in decaauts)
 A = Elapsed time spent in this place.
 B = Non-inter-level travel time spent in this place.
 C = Inter-level travel time spent in this place.
 D = Time resting spent in this place.
 E = Time spent auto-exploring this place.
 F = Levels seen in this place.
 G = Mean time per level.
                   A        B        C        D        E       F      G
               +--------+--------+--------+--------+--------+-----+--------+
         Total |  14878 |  14196 |    682 |   2446 |   6502 |  16 |  929.9 |
       Dungeon |  10795 |  10234 |    561 |   1373 |   4674 |  11 |  981.4 |
        Temple |    123 |    114 |      9 |      0 |    111 |   1 |  123.0 |
          Lair |   3666 |   3554 |    112 |    984 |   1717 |   3 | 1222.0 |
        Bailey |    292 |    292 |      0 |     88 |      0 |   1 |  292.0 |
               +--------+--------+--------+--------+--------+-----+--------+

Top non-repeatable levels by time:
     D:9: 1634 daAuts
     D:6: 1456 daAuts
  Lair:2: 1447 daAuts
  Lair:3: 1311 daAuts
     D:7: 1239 daAuts
     D:5: 1226 daAuts
     D:3: 1135 daAuts
    D:10: 1090 daAuts
  Lair:1: 906 daAuts
     D:2: 884 daAuts
     D:1: 717 daAuts
     D:4: 707 daAuts
     D:8: 700 daAuts
  Bailey: 292 daAuts
  Temple: 123 daAuts
